 Dungeon Crawl Stone Soup version 0.17-a0-1663-gb806841 (webtiles) character file.

98 Neuromancien059 the Ruffian (level 4, -1/44 HPs)
             Began as a Troll Monk on Aug 16, 2015.
             Was a Believer of Okawaru.
             Slain by Grinder (2 damage)
             ... on level 3 of the Dungeon.
             The game lasted 00:12:55 (1189 turns).

Neuromancien059 the Ruffian (Troll Monk)            Turns: 1189, Time: 00:12:55

Health: -1/44      AC:  5    Str: 19    XL:     4   Next: 44%
Magic:  3/3        EV: 11    Int:  6    God:    Okawaru [**....]
Gold:   94         SH:  0    Dex: 13    Spells: 0 memorised, 3 levels left

rFire  . . .     SeeInvis .       - Unarmed
rCold  . . .     Clarity  .     c - +0 robe
rNeg   . . .     SustAt   .     (no shield)
rPois  .         Gourm    +     (helmet restricted)
rElec  .         Spirit   .     (no cloak)
rCorr  .         Warding  .     (gloves unavailable)
rMut   .         Stasis   .     (boots unavailable)
MR     .....                    (no amulet)
Stlth  ++........               (no ring)
                                (no ring)

@: not resistant to hostile enchantments, unstealthy
A: unfitting armour, claws 3, fast metabolism 3, gourmand, regeneration 2,
shaggy fur 1, tough skin 2
a: Heroism, Renounce Religion


You were on level 3 of the Dungeon.
You worshipped Okawaru.
Okawaru was pleased with you.
You were not hungry.

You visited 1 branch of the dungeon, and saw 3 of its levels.

You collected 94 gold pieces.

Inventory:

Armour
 a - a +0 robe
 c - a +0 robe (worn)
 d - a cursed +0 robe
 h - a +0 robe
Scrolls
 j - a scroll of remove curse {unknown}
 k - a scroll of random uselessness {unknown}
 l - 2 scrolls of identify {unknown}
Potions
 e - a potion of curing {unknown}
 g - a potion of beneficial mutation {unknown}
 i - a potion of cure mutation {unknown}
Comestibles
 b - 2 bread rations
 f - 8 chunks of flesh


   Skills:
 + Level 2.9 Fighting
 + Level 3.3 Dodging
 + Level 1.2 Stealth
 + Level 4.7 Unarmed Combat


You had 3 spell levels left.
You didn't know any spells.

Dungeon Overview and Level Annotations

Branches:
Dungeon (3/15)

Altars:
Okawaru
Sif Muna

Annotations:
D:3 Grinder


Innate Abilities, Weirdness & Mutations

You are too large for most types of armour.
You have claws for hands.
Your metabolism is lightning-fast.
You like to eat raw meat.
You heal very quickly.
You are covered in fur (AC +1).
You have very tough skin (AC +2).


Message History

Okawaru accepts your kill.
You scratch Grinder.
Grinder is lightly wounded.
Grinder says, "DUCK!"
Grinder hits you.
You writhe in agony.
You completely miss Grinder.
Grinder is lightly wounded.
Grinder gestures at you. Pain shoots through your body!
You scratch Grinder.
Grinder is lightly wounded.
Grinder hits you!
* * * LOW HITPOINT WARNING * * *
A rat comes into view.
You completely miss Grinder.
Grinder is lightly wounded.
Grinder hits you.
* * * LOW HITPOINT WARNING * * *
You writhe in agony.
You die...

##### ...# ...#
###.##.##### .#.#
#....5@....# #.<.###
#r##.#.###.# .......
#.#.###.#####.#....#
....................
..#.##........#.##.#
..#.##.............#
..
#..........####..#
.##
###.........#.#..#
...........#.#...[


You could see Grinder and a rat (wandering).

Vanquished Creatures
  Natasha (D:3)
  3 adders (D:2)
  A worm (D:2)
  A giant gecko (D:1)
  5 orcs (D:3)
  2 bats (D:1)
  3 hobgoblins
  3 giant cockroaches (D:2)
  2 giant newts
  6 goblins
  3 jackals (D:1)
  5 kobolds
  5 rats
40 creatures vanquished.

Notes
Turn   | Place    | Note
--------------------------------------------------------------
     0 | D:1      | Neuromancien059 the Troll Monk began the quest for the Orb.
     0 | D:1      | Reached XP level 1. HP: 22/22 MP: 0/0
   280 | D:1      | Reached XP level 2. HP: 29/29 MP: 1/1
   595 | D:2      | Reached XP level 3. HP: 31/36 MP: 2/2
   835 | D:2      | Found a deep blue altar of Sif Muna.
  1096 | D:3      | Found an iron altar of Okawaru.
  1116 | D:3      | Reached XP level 4. HP: 20/44 MP: 3/3
  1124 | D:3      | Became a worshipper of Warmaster Okawaru
  1124 | D:3      | Acquired Okawaru's first power
  1156 | D:3      | Noticed Natasha
  1171 | D:3      | Killed Natasha
  1180 | D:3      | Noticed Grinder
  1189 | D:3      | HP: 1/44 [Grinder (4)]
  1189 | D:3      | Slain by Grinder

Vault maps used:
D:1:      tarquinn_simple_flora_water_f
D:2:      lemuel_blue_sif_altar
D:3:      elyvilon_altar_1, okawaru_gym_becter, minmay_misc_feat_hallway,
          minmay_misc_feat_tiny, serial_park_tiny_1, uniq_grinder, uniq_natasha

Action                   |  1- 3 |  4- 6 || total
-------------------------+-------+-------++-------
Melee: Unarmed           |    88 |    21 ||   109
 Stab: Sleeping          |       |     1 ||     1
  Eat: Chunk             |     6 |       ||     6
       Bread ration      |     1 |       ||     1
